 Dungeon Sprint DCSS version 0.17-a0-1830-g81820eb (webtiles) character file.

41334 pipel the Hoplite (level 14, 0/129 HPs)
             Began as a Formicid Fighter on Sept 13, 2015.
             Was the Champion of Okawaru.
             Killed from afar by a fire dragon (30 damage)
             ... with a blast of flame
             ... in the Dungeon (Sprint IX: "|||||||||||||||||||||||||||||").
             The game lasted 00:27:34 (3667 turns).

pipel the Hoplite (Formicid Fighter)                Turns: 3667, Time: 00:27:35

Health: 0/129      AC: 23    Str: 28    XL:     14   Next: 49%
Magic:  20/20      EV: 13    Int: 15    God:    Okawaru [******]
Gold:   79         SH: 24    Dex: 13    Spells: 0 memorised, 13 levels left

rFire  . . .     SeeInvis +     a - +0 triple sword
rCold  . . .     Clarity  .     j - +3 plate armour {MR+}
rNeg   . . .     SustAt   .     S - +0 large shield "Nikacoj" {Int+4 Dex+2}
rPois  .         Gourm    .     (helmet unavailable)
rElec  .         Spirit   .     H - +0 cloak
rCorr  .         Warding  .     G - +0 pair of gloves
rMut   .         Stasis   +     s - +0 pair of boots
MR     ++...                    (no amulet)
Stlth  ..........               u - +3 ring of intelligence
                                t - +3 ring of strength

@: very resistant to hostile enchantments, extremely unstealthy
A: permanent stasis, dig shafts and tunnels, four strong arms, antennae 3
a: Dig, Heroism, Renounce Religion


You were in the Dungeon.
You worshipped Okawaru.
Okawaru was exalted by your worship.
You were not hungry.

You visited 1 branch You collected 1913 gold pieces.
You spent 1834 gold pieces at shops.

Inventory:

Hand weapons
 a - a +0 triple sword (weapon)
 b - a +0 arbalest
 r - a +0 long sword
 J - a +0 great sword
 Q - a +2 scimitar of holy wrath
 X - a +3 scimitar of flaming
Missiles
 c - 2 javelins of penetration
 g - 2 poisoned tomahawks
 w - 13 tomahawks
 y - 13 poisoned needles
 I - 3 stones
 R - 3 javelins (quivered)
 Z - 95 bolts
Armour
 j - a +3 plate armour of magic resistance (worn)
 m - a +0 shield of protection
 s - a +0 pair of boots (worn)
 v - a +2 ring mail
 C - a +0 large shield of positive energy
 D - a +0 plate armour
 G - a +0 pair of gloves (worn)
 H - a +0 cloak (worn)
 K - the +3 large shield of Touric {Int+4}
   (You bought it in a shop in the Dungeon)

   It affects your intelligence (+4).
 L - a +4 chain mail of poison resistance
 S - the +0 large shield "Nikacoj" (worn) {Int+4 Dex+2}
   (Okawaru gifted it to you in the Dungeon)

   It affects your intelligence (+4).
   It affects your dexterity (+2).
Magical staves
 q - an uncursed staff of energy
Jewellery
 t - a +3 ring of strength (left hand)
 u - a +3 ring of intelligence (right hand)
 U - an uncursed ring of protection from fire
 V - an uncursed ring of protection from magic
 W - an uncursed ring of poison resistance
Magical devices
 p - a wand of fire (0)
Scrolls
 n - 4 scrolls of remove curse
 o - 2 scrolls of amnesia
 z - 5 scrolls of fear
 A - 2 scrolls of enchant armour
 B - 4 scrolls of enchant weapon
 M - 2 scrolls of recharging
 N - 4 scrolls of identify
 O - a scroll of vulnerability
 P - a scroll of fog
Potions
 d - 2 potions of might
 f - 9 potions of curing
 h - 3 potions of haste
 i - 4 potions of magic
 l - 4 potions of heal wounds
 x - 3 potions of agility
 T - a potion of ambrosia
Comestibles
 e - 12 bread rations
 E - 44 fruits
 F - 12 meat rations


   Skills:
 + Level 17.8 Fighting
 + Level 20.0 Long Blades
 + Level 4.8 Throwing
 + Level 12.8 Armour
 + Level 11.4 Dodging
 - Level 3.6 Stealth
 + Level 21.0 Shields
 + Level 8.4 Invocations
 + Level 4.0 Evocations


You had 13 spell levels left.
You didn't know any spells.

Dungeon Overview and Level Annotations

Branches:
Dungeon (1/1)

Altars:
Cheibriados
Dithmenos
Elyvilon
Fedhas
Gozag
Kikubaaqudgha
Makhleb
Nemelex Xobeh
Okawaru
Qazlal
Ru
Sif Muna
Trog
Vehumet
Xom
Yredelemnul
Zin
The Shining One
Beogh
Jiyva
Lugonu

Shops:
D [%?*


Innate Abilities, Weirdness & Mutations

You are under a permanent stasis effect.
You can dig through walls and to a lower floor.
Your four strong arms can wield two-handed weapons with a shield.
You have a pair of large antennae on your head (SInv).


Message History

The fireball engulfs the fire giant.
The fire giant resists.
You slash the fire giant!
You kill the fire giant!
Okawaru accepts your kill.
Your Long Blades skill increases to level 20!
You slice the fire dragon!!
The fire dragon is moderately wounded.
You block the fire dragon's attack. x3
You slash the fire dragon!
The fire dragon is heavily wounded.
You slice the fire dragon!!
The fire dragon is severely wounded.
You block the fire dragon's attack.
The fire dragon claws you but does no damage.
You block the fire dragon's attack.
You slice the fire dragon!!
The fire dragon is almost dead.
The fire dragon breathes flames at you. The blast of flame hits you!
You die...

.▓.▓)▓.▓)▓.♣.♣.▓)▓,*,*,*,*,*,*,*,
.▓.▓)▓.▓)▓.♣.♣.▓.▓,*,*,*,*,*,*,*,
.▓.▓)▓.▓)▓.♣.♣.▓)▓,*,*,*,*,*,*,*,
÷▓.▓.▓.▓)▓.♣.♣.▓.▓,*,*,*+*,*,*,*,
÷▓.▓.▓.▓)▓.♣.♣.▓.▓,*,*,*,*,*,*,*,
.▓.▓.▓.▓.▓.♣.♣.▓.▓,*,*,*,*,*,*,*,
.▓.▓.▓.▓[▓.♣.♣.▓(▓,*,*,*,*,*,*,*,
.▓.▓.▓.▓[▓.▓†▓.▓.▓,*,*,*,*,*,*,*,
.▓.▓.▓.▓[▓.▓÷▓.▓@▓,*,*,*,*,*,*,*,
.▓.▓)▓.▓[▓.▓.▓.▓D▓,*,*,*,*,*,*,*,
.▓.▓)▓.▓[▓.▓)▓.▓Q▓,*,*,*,*,*,*,*,
.▓.▓)▓.▓[▓.▓÷▓.▓.▓,*,*,*,*,*,*,*,
†▓.▓)▓)▓[▓[▓)▓.▓.▓,*,*,*,*,*,*,*,
†▓.▓.▓.▓[▓.▓.▓.▓.▓,*,*,*,*,*,*,*,
.▓.▓.▓.▓.▓.▓.▓.▓.▓,*,*,*,*,*,*,*,
÷▓.▓)▓.▓.▓.▓†▓.▓.▓,*,*,*,*,*,*,*,
.▓.▓.▓.▓.▓.▓.▓.▓,*,*,*,*,*,*,*,*,


You could see a fire dragon and a tengu warrior.

Vanquished Creatures
  A lich (D)
  A tentacled monstrosity (D)
  Gastronok (D)
  A fire giant (D)
  An ettin (D)
  A merfolk impaler (D)
  A hydra (D)
  2 fire dragons (D)
  An entropy weaver (D)
  2 ice dragons (D)
  Erica (D)
  3 centaur warriors (D)
  A tengu warrior (D)
  Urug (D)
  A spriggan berserker (D)
  2 naga sharpshooters (D)
  A deep troll earth mage (D)
  A deep troll shaman (D)
  2 shock serpents (D)
  A sea snake (D)
  A hill giant (D)
  2 spriggan druids (D)
  4 orc knights (D)
  A mana viper (D)
  An orb spider (D)
  2 ugly things (D)
  3 orc sorcerers (D)
  2 manticores (D)
  A moth of wrath (D)
  A naga mage (D)
  2 guardian serpents (D)
  An elephant (shapeshifter) (D)
  2 manticores (shapeshifter) (D)
  A black mamba (D)
  An elephant (D)
  2 spiny frogs (D)
  2 yaktaurs (D)
  A demonic crawler (D)
  A fire drake (D)
  A tengu conjurer (D)
  A jumping spider (D)
  A two-headed ogre (D)
  4 polar bears (D)
  A merfolk (D)
  3 snapping turtles (D)
  2 blink frogs (D)
  2 shadows (D)
  A water elemental (D)
  A wyvern (D)
  3 yaks (D)
  2 vampire mosquitoes (D)
  3 tarantellas (D)
  2 trapdoor spiders (D)
  A hippogriff (D)
  Grum (D)
  3 wolves (D)
  A mottled dragon (D)
  19 orc warriors (D)
  A swamp drake (D)
  2 porcupines (D)
  2 water moccasins (D)
  4 black bears (D)
  A sky beast (D)
  An eye of draining (D)
  2 crocodiles (D)
  7 giant frogs (D)
  A killer bee (D)
  A jelly (shapeshifter) (D)
  3 orc priests (D)
  A hound (D)
  2 worker ants (D)
  10 orc wizards (D)
  A river rat (D)
  3 orcs (D)
  2 giant cockroaches (D)
  A ball python (D)
  A giant gecko skeleton (D)
  A giant newt (D)
  2 kobolds (D)
158 creatures vanquished.

Vanquished Creatures (others)
  An ice dragon (D)
1 creature vanquished.

Grand Total: 159 creatures vanquished

Notes
Turn   | Place    | Note
--------------------------------------------------------------
     0 | D        | pipel the Formicid Fighter began the quest for the Orb.
     0 | D        | Reached XP level 1. HP: 18/18 MP: 1/1
    24 | D        | Reached skill level 4 in Fighting
   248 | D        | Noticed a worker ant
   248 | D        | Noticed a worker ant
   248 | D        | Noticed an orc wizard
   265 | D        | Killed a worker ant
   265 | D        | Reached skill level 1 in Dodging
   265 | D        | Reached skill level 5 in Shields
   265 | D        | Reached XP level 2. HP: 24/26 MP: 2/2
   265 | D        | Reached XP level 3. HP: 29/32 MP: 3/3
   269 | D        | Killed an orc wizard
   269 | D        | Reached skill level 5 in Fighting
   269 | D        | Reached skill level 5 in Armour
   269 | D        | Reached XP level 4. HP: 33/39 MP: 4/4
   286 | D        | Killed a worker ant
   286 | D        | Reached skill level 6 in Shields
   296 | D        | Found a glowing silver altar of Zin.
   296 | D        | Found a glowing golden altar of the Shining One.
   296 | D        | Found an ancient bone altar of Kikubaaqudgha.
   296 | D        | Found a basalt altar of Yredelemnul.
   296 | D        | Found a shimmering altar of Xom.
   296 | D        | Found a radiant altar of Vehumet.
   297 | D        | Found an iron altar of Okawaru.
   298 | D        | Found a burning altar of Makhleb.
   299 | D        | Found a deep blue altar of Sif Muna.
   300 | D        | Found a bloodstained altar of Trog.
   301 | D        | Found a sparkling altar of Nemelex Xobeh.
   302 | D        | Found a white marble altar of Elyvilon.
   303 | D        | Found a roughly hewn altar of Beogh.
   304 | D        | Found a viscous altar of Jiyva.
   305 | D        | Became a worshipper of Warmaster Okawaru
   306 | D        | Found a corrupted altar of Lugonu.
   307 | D        | Found a blossoming altar of Fedhas.
   308 | D        | Found a snail-covered altar of Cheibriados.
   309 | D        | Found a shadowy altar of Dithmenos.
   310 | D        | Found a stormy altar of Qazlal.
   311 | D        | Found an opulent altar of Gozag.
   312 | D        | Found a sacrificial altar of Ru.
   362 | D        | Noticed a sky beast
   362 | D        | Noticed a giant frog
   362 | D        | Noticed an eye of draining
   362 | D        | Noticed a killer bee
   362 | D        | Noticed a hound
   364 | D        | Killed a giant frog
   364 | D        | Reached skill level 7 in Shields
   364 | D        | Reached XP level 5. HP: 44/46 MP: 1/5
   364 | D        | Killed an eye of draining
   364 | D        | Reached skill level 1 in Stealth
   364 | D        | Reached skill level 8 in Shields
   364 | D        | Reached XP level 6. HP: 49/53 MP: 1/6
   367 | D        | Killed a sky beast
   367 | D        | Acquired Okawaru's first power
   372 | D        | Killed a killer bee
   372 | D        | Reached skill level 5 in Long Blades
   372 | D        | Reached skill level 9 in Shields
   374 | D        | Killed a hound
   374 | D        | Reached skill level 5 in Dodging
   374 | D        | Reached XP level 7. HP: 54/61 MP: 2/7
   426 | D        | Noticed an orc wizard
   426 | D        | Noticed a purple ugly thing
   426 | D        | Noticed a wyvern
   426 | D        | Noticed a giant frog
   426 | D        | Noticed a yak
   426 | D        | Noticed a hill giant
   430 | D        | Killed an orc wizard
   442 | D        | Killed a purple ugly thing
   442 | D        | Reached skill level 10 in Shields
   442 | D        | Reached skill level 1 in Evocations
   442 | D        | Reached XP level 8. HP: 61/69 MP: 6/8
   454 | D        | Killed a wyvern
   454 | D        | Reached skill level 11 in Shields
   455 | D        | Killed a giant frog
   459 | D        | Killed a yak
   459 | D        | Reached skill level 1 in Invocations
   468 | D        | Killed a hill giant
   468 | D        | Reached XP level 9. HP: 33/78 MP: 8/10
   584 | D        | Noticed a giant frog
   584 | D        | Noticed a crocodile
   584 | D        | Noticed a hippogriff
   584 | D        | Noticed a giant frog
   584 | D        | Noticed a wolf
   584 | D        | Noticed a yak
   585 | D        | Noticed a water moccasin
   591 | D        | Killed a giant frog
   594 | D        | Killed a crocodile
   594 | D        | Reached skill level 12 in Shields
   597 | D        | Noticed an elephant
   598 | D        | Killed a hippogriff
   599 | D        | Noticed a porcupine
   600 | D        | Killed a giant frog
   605 | D        | Killed a wolf
   605 | D        | Reached skill level 10 in Fighting
   616 | D        | Killed a yak
   619 | D        | Killed a water moccasin
   627 | D        | Killed an elephant
   632 | D        | Killed a porcupine
   632 | D        | Reached skill level 10 in Long Blades
   632 | D        | Reached skill level 13 in Shields
   892 | D        | Noticed a porcupine
   892 | D        | Noticed a yak
   892 | D        | Noticed a blink frog
   892 | D        | Noticed a water moccasin
   892 | D        | Noticed a giant frog
   892 | D        | Noticed a crocodile
   896 | D        | Killed a porcupine
   896 | D        | Reached XP level 10. HP: 84/86 MP: 9/12
   902 | D        | Killed a yak
   915 | D        | Killed a water moccasin
   918 | D        | Noticed a giant frog
   918 | D        | Killed a giant frog
   920 | D        | Noticed a fire drake
   921 | D        | Killed a crocodile
   927 | D        | Killed a giant frog
   935 | D        | Killed a fire drake
   940 | D        | Killed a blink frog
   955 | D        | Noticed a polar bear
   955 | D        | Noticed a polar bear
   955 | D        | Noticed a black bear
   955 | D        | Noticed a black bear
   955 | D        | Noticed a black bear
   955 | D        | Noticed a polar bear
   956 | D        | Noticed a polar bear
   966 | D        | Killed a polar bear
   973 | D        | Noticed a black bear
   978 | D        | Killed a polar bear
   981 | D        | Killed a polar bear
   985 | D        | Killed a black bear
   989 | D        | Killed a black bear
   989 | D        | Reached skill level 10 in Dodging
   996 | D        | Killed a polar bear
   996 | D        | Reached skill level 1 in Throwing
   996 | D        | Reached skill level 14 in Shields
  1004 | D        | Killed a black bear
  1007 | D        | Killed a black bear
  1146 | D        | Noticed an orc wizard
  1146 | D        | Noticed an orc wizard
  1146 | D        | Noticed an orc warrior
  1146 | D        | Noticed an orc priest
  1147 | D        | Noticed an orc wizard
  1149 | D        | Killed an orc wizard
  1150 | D        | Noticed an orc wizard
  1156 | D        | Killed an orc warrior
  1162 | D        | Killed an orc wizard
  1164 | D        | Noticed an orc priest
  1167 | D        | Killed an orc priest
  1168 | D        | Noticed an orc wizard
  1169 | D        | Killed an orc wizard
  1172 | D        | Noticed an orc priest
  1173 | D        | Noticed an orc wizard
  1174 | D        | Killed an orc wizard
  1179 | D        | Noticed an orc wizard
  1179 | D        | Killed an orc priest
  1182 | D        | Killed an orc priest
  1188 | D        | Killed an orc wizard
  1190 | D        | Killed an orc wizard
  1190 | D        | Acquired Okawaru's second power
  1197 | D        | Killed an orc wizard
  1374 | D        | Noticed an orc sorcerer
  1374 | D        | Noticed an orc wizard
  1374 | D        | Noticed an orc warrior
  1374 | D        | Noticed an orc sorcerer
  1374 | D        | Noticed an orc warrior
  1374 | D        | Noticed an orc warrior
  1376 | D        | Killed an orc sorcerer
  1376 | D        | Reached XP level 11. HP: 95/95 MP: 10/13
  1376 | D        | Killed an orc wizard
  1376 | D        | Killed an orc sorcerer
  1379 | D        | Noticed an orc warrior
  1382 | D        | Noticed an orc sorcerer
  1391 | D        | Killed an orc warrior
  1397 | D        | Noticed an orc warrior
  1399 | D        | Noticed an ice devil
  1399 | D        | Killed an orc warrior
  1406 | D        | Noticed an orc warrior
  1407 | D        | Killed an orc sorcerer
  1420 | D        | Killed an orc warrior
  1420 | D        | Received a gift from Okawaru
  1427 | D        | Killed an orc warrior
  1427 | D        | Reached skill level 10 in Armour
  1430 | D        | Killed an orc warrior
  1436 | D        | Killed an orc warrior
  1463 | D        | Noticed an orc warrior
  1464 | D        | Noticed an orc warrior
  1471 | D        | Killed an orc warrior
  1475 | D        | Killed an orc warrior
  1475 | D        | Reached skill level 15 in Shields
  1628 | D        | Found Pozxu's Armour Emporium.
  1628 | D        | Noticed an orc knight
  1628 | D        | Noticed an orc warrior
  1628 | D        | Noticed an orc warrior
  1628 | D        | Noticed an orc warrior
  1628 | D        | Noticed an orc warrior
  1630 | D        | Noticed an orc knight
  1633 | D        | Noticed an orc warrior
  1639 | D        | Killed an orc knight
  1646 | D        | Killed an orc warrior
  1658 | D        | Killed an orc warrior
  1668 | D        | Killed an orc knight
  1673 | D        | Killed an orc warrior
  1674 | D        | Killed an orc warrior
  1675 | D        | Found Vuptu's Food Shoppe.
  1678 | D        | Killed an orc warrior
  1833 | D        | Found Pamang's Magic Scroll Emporium.
  1835 | D        | Noticed an orc knight
  1837 | D        | Noticed an orc warrior
  1837 | D        | Found Mipn's Assorted Antiques.
  1843 | D        | Noticed an orc knight
  1846 | D        | Noticed an orc warrior
  1848 | D        | Noticed an orc warrior
  1857 | D        | Killed an orc knight
  1872 | D        | Killed an orc knight
  1875 | D        | Killed an orc warrior
  1878 | D        | Killed an orc warrior
  1881 | D        | Killed an orc warrior
  1884 | D        | Upgraded the game from 0.17-a0-1805-g6093636 to 0.17-a0-1830-g81820eb
  1889 | D        | Noticed an orc warrior
  1897 | D        | Killed an orc warrior
  1899 | D        | Bought a scroll labeled YSULEM UMOUSM for 23 gold pieces
  1899 | D        | Bought a translucent spear for 184 gold pieces
  1899 | D        | Bought a scroll labeled BEIGEQ PUBRE for 23 gold pieces
  1899 | D        | Bought a scroll labeled VEASIARH OLUC for 23 gold pieces
  1899 | D        | Bought a potion of might for 92 gold pieces
  1899 | D        | Bought a potion of curing for 69 gold pieces
  1900 | D        | Identified the +0 spear "Zourukat" {holy, rC- Int+4} (You bought it in a shop in the Dungeon)
  1909 | D        | Bought a +0 large shield of positive energy for 119 gold pieces
  1909 | D        | Bought the +3 large shield of Touric {Int+4} for 488 gold pieces
  1909 | D        | Bought a +4 chain mail of poison resistance for 399 gold pieces
  1913 | D        | Bought a scroll of recharging for 114 gold pieces
  1913 | D        | Bought a scroll of identify for 24 gold pieces
  1913 | D        | Bought a scroll of vulnerability for 90 gold pieces
  1913 | D        | Bought a scroll of fog for 24 gold pieces
  1913 | D        | Bought a scroll of identify for 24 gold pieces
  1913 | D        | Bought a scroll of recharging for 114 gold pieces
  1913 | D        | Bought a scroll of identify for 24 gold pieces
  1958 | D        | Noticed Erica
  1970 | D        | Killed Erica
  1970 | D        | Reached skill level 5 in Invocations
  1971 | D        | Noticed a wolf
  1983 | D        | Killed a wolf
  1993 | D        | Noticed Grum
  1994 | D        | Noticed a wolf
  2001 | D        | Killed Grum
  2002 | D        | Killed a wolf
  2012 | D        | Noticed Gastronok
  2025 | D        | Killed Gastronok
  2025 | D        | Received a gift from Okawaru
  2025 | D        | Reached skill level 16 in Shields
  2025 | D        | Reached XP level 12. HP: 67/108 MP: 13/16
  2026 | D        | Got a twisted large shield {god gift}
  2037 | D        | Identified the +0 large shield "Nikacoj" {Int+4 Dex+2} (Okawaru gifted it to you in the Dungeon)
  2122 | D        | Noticed a two-headed ogre
  2122 | D        | Noticed a shadow
  2122 | D        | Noticed a vampire mosquito
  2122 | D        | Noticed an orc warrior
  2122 | D        | Noticed a wind drake
  2122 | D        | Noticed a mottled dragon
  2123 | D        | Killed a two-headed ogre
  2126 | D        | Killed a shadow
  2127 | D        | Noticed a giant frog
  2128 | D        | Killed a vampire mosquito
  2129 | D        | Noticed a centaur warrior
  2132 | D        | Noticed a fire crab
  2132 | D        | Killed an orc warrior
  2133 | D        | a wind drake changed into an elephant
  2136 | D        | a fire crab changed into a manticore
  2138 | D        | Noticed a yaktaur
  2138 | D        | Reached skill level 15 in Long Blades
  2142 | D        | Noticed a yaktaur
  2142 | D        | Killed a mottled dragon
  2147 | D        | Killed a centaur warrior
  2149 | D        | Killed a giant frog
  2156 | D        | Killed a yaktaur
  2159 | D        | Killed a yaktaur
  2160 | D        | Noticed an ice dragon
  2161 | D        | Noticed a tengu warrior
  2163 | D        | Noticed a purple ugly thing
  2171 | D        | Killed an ice dragon
  2171 | D        | Reached skill level 15 in Fighting
  2175 | D        | Killed a tengu warrior
  2185 | D        | Killed a purple ugly thing
  2185 | D        | Reached skill level 17 in Shields
  2263 | D        | Noticed Urug
  2275 | D        | Killed Urug
  2338 | D        | Noticed a spiny frog
  2338 | D        | Noticed a spriggan druid
  2338 | D        | Noticed a shadow
  2338 | D        | Noticed a vampire mosquito
  2338 | D        | Noticed a spriggan druid
  2338 | D        | Noticed a blink frog
  2339 | D        | Noticed a six-headed hydra
  2340 | D        | Killed a spiny frog
  2341 | D        | Killed a spriggan druid
  2345 | D        | Killed a shadow
  2347 | D        | Noticed a spiny frog
  2348 | D        | Noticed a swamp drake
  2353 | D        | Killed a spriggan druid
  2353 | D        | Received a gift from Okawaru
  2353 | D        | Reached XP level 13. HP: 69/116 MP: 18/18
  2359 | D        | Killed a one-headed hydra
  2362 | D        | Killed a vampire mosquito
  2369 | D        | Killed a spiny frog
  2375 | D        | Killed a swamp drake
  2395 | D        | Killed a blink frog
  2401 | D        | Noticed a manticore
  2401 | D        | Noticed a snapping turtle
  2401 | D        | Noticed a snapping turtle
  2401 | D        | Noticed a merfolk
  2401 | D        | Noticed a snapping turtle
  2401 | D        | Noticed a water elemental
  2404 | D        | Noticed a sea snake
  2404 | D        | Killed a manticore
  2405 | D        | Noticed a manticore
  2416 | D        | Killed a snapping turtle
  2428 | D        | Killed a snapping turtle
  2428 | D        | Reached skill level 18 in Shields
  2429 | D        | Noticed a merfolk impaler
  2431 | D        | Killed a merfolk
  2439 | D        | Killed a snapping turtle
  2444 | D        | Killed a water elemental
  2454 | D        | Killed a sea snake
  2460 | D        | Killed a manticore
  2480 | D        | Killed a merfolk impaler
  2480 | D        | Received a gift from Okawaru
  2782 | D        | Noticed a tarantella
  2782 | D        | Noticed a tarantella
  2782 | D        | Noticed a tarantella
  2782 | D        | Noticed a moth of wrath
  2782 | D        | Noticed a jumping spider
  2784 | D        | Noticed a trapdoor spider
  2788 | D        | Killed a jumping spider
  2792 | D        | Killed a tarantella
  2797 | D        | Killed a tarantella
  2802 | D        | Killed a tarantella
  2804 | D        | Noticed an orb spider
  2805 | D        | Killed a moth of wrath
  2806 | D        | Killed a trapdoor spider
  2807 | D        | Noticed a trapdoor spider
  2809 | D        | Killed an orb spider
  2813 | D        | Killed a trapdoor spider
  2814 | D        | Noticed a demonic crawler
  2820 | D        | Killed a demonic crawler
  2828 | D        | Noticed a mana viper
  2828 | D        | Noticed a guardian serpent
  2828 | D        | Noticed a guardian serpent
  2828 | D        | Noticed a shock serpent
  2828 | D        | Noticed a naga sharpshooter
  2828 | D        | Noticed a naga sharpshooter
  2830 | D        | Killed a mana viper
  2831 | D        | Noticed a black mamba
  2835 | D        | Noticed a naga mage
  2838 | D        | Killed a guardian serpent
  2840 | D        | Noticed a shock serpent
  2848 | D        | Killed a naga sharpshooter
  2848 | D        | Reached skill level 19 in Shields
  2849 | D        | Killed a shock serpent
  2852 | D        | Killed a shock serpent
  2857 | D        | Killed a naga sharpshooter
  2859 | D        | Killed a black mamba
  2861 | D        | Killed a naga mage
  2862 | D        | Killed a guardian serpent
  3183 | D        | Noticed a lich
  3183 | D        | Noticed a fire dragon
  3183 | D        | Noticed a centaur warrior
  3183 | D        | Noticed a deep troll shaman
  3183 | D        | Noticed a centaur warrior
  3183 | D        | Noticed a deep troll earth mage
  3184 | D        | Noticed a tentacled monstrosity
  3187 | D        | Noticed a lorocyproca
  3188 | D        | Killed a lich
  3192 | D        | Noticed an ice dragon
  3202 | D        | Killed a tentacled monstrosity
  3202 | D        | Received a gift from Okawaru
  3202 | D        | Reached skill level 20 in Shields
  3202 | D        | Reached XP level 14. HP: 53/128 MP: 20/20
  3207 | D        | Killed a fire dragon
  3209 | D        | Noticed an ice dragon
  3209 | D        | Killed a centaur warrior
  3211 | D        | Killed a deep troll shaman
  3215 | D        | Killed a centaur warrior
  3218 | D        | Killed a deep troll earth mage
  3219 | D        | Noticed a fire dragon
  3227 | D        | Killed an ice dragon
  3234 | D        | Killed an ice dragon
  3242 | D        | Killed a fire dragon
  3245 | D        | Noticed a spriggan berserker
  3246 | D        | Noticed an ettin
  3252 | D        | Killed a spriggan berserker
  3259 | D        | Noticed an entropy weaver
  3259 | D        | Killed an ettin
  3265 | D        | Noticed a tengu conjurer
  3269 | D        | Killed an entropy weaver
  3269 | D        | Received a gift from Okawaru
  3377 | D        | Killed a tengu conjurer
  3377 | D        | Reached skill level 21 in Shields
  3652 | D        | Noticed a fire giant
  3654 | D        | Noticed a fire dragon
  3661 | D        | Noticed a tengu warrior
  3663 | D        | Killed a fire giant
  3667 | D        | Killed from afar by a fire dragon

Vault maps used:
D:        linesprint

Action                   |  1- 3 |  4- 6 |  7- 9 | 10-12 | 13-15 || total
-------------------------+-------+-------+-------+-------+-------++-------
Melee: Long sword        |    48 |    20 |       |       |       ||    68
       Scimitar          |       |    10 |    86 |   310 |     5 ||   411
       Triple sword      |       |       |       |    66 |   225 ||   291
Throw: Stone             |       |       |     2 |     5 |       ||     7
       Tomahawk          |       |       |       |     6 |    16 ||    22
       Throwing net      |       |       |       |     2 |       ||     2
       Javelin           |       |       |       |       |     6 ||     6
Invok: Heroism           |       |       |     3 |    11 |     4 ||    18
Evoke: Wand              |       |     2 |     2 |     3 |       ||     7
  Use: Potion            |     1 |       |       |     2 |     2 ||     5
       Scroll            |       |       |       |     4 |       ||     4
 Stab: Held in net/web   |       |       |       |     2 |       ||     2
  Eat: Chunk             |       |       |       |     6 |     2 ||     8
       Bread ration      |       |       |       |       |     1 ||     1
